 Dungeon Crawl Stone Soup version 0.22-a0-354-g30dfbe6 (webtiles) character file.

36 Amnesiac the Grave Robber (level 3, -2/26 HPs)
             Began as a Mummy Necromancer on Apr 16, 2018.
             Slain by a leopard gecko (3 damage)
             ... on level 3 of the Dungeon.
             The game lasted 00:01:27 (551 turns).

Amnesiac the Grave Robber (Mummy Necromancer)        Turns: 551, Time: 00:01:27

Health: -2/26      AC:  4    Str: 11    XL:     3   Next: 19%
Magic:  0/7        EV: 12    Int: 15    God:
Gold:   46         SH:  0    Dex: 12    Spells: 7/8 levels left

rFire    x . .     SeeInvis .   (no weapon)
rCold    + . .     Gourm    .   (no shield)
rNeg     + + +     Faith    .   a - +0 robe
rPois    ∞         Spirit   .   (no helmet)
rElec    .         Reflect  .   c - +0 cloak
rCorr    .         Harm     .   (no gloves)
MR       .....                  g - +0 pair of boots
Stlth    ++........             (no amulet)
HPRegen  0.08/turn              f - ring of flight
MPRegen  0.10/turn              (no ring)

@: about to teleport
A: no food or potions, fire vulnerability, cold resistance 1, negative energy
resistance 3, torment resistance, unbreathing
a: Evoke Flight


You were on level 3 of the Dungeon.
You were not hungry.

You visited 1 branch of the dungeon, and saw 3 of its levels.

You collected 46 gold pieces.

Inventory:

Armour
 a - a +0 robe (worn)
 c - a +0 cloak (worn)
 g - a +0 pair of boots (worn)
Jewellery
 f - a ring of flight (left hand)
Scrolls
 b - a scroll of blinking {!r, unknown}


   Skills:
 + Level 1.0 Fighting
 * Level 2.1 Dodging
 - Level 1.5 Stealth
 + Level 3.1 Spellcasting
 * Level 4.3 Necromancy


You had 7 spell levels left.
You knew the following spells:

 Your Spells              Type           Power        Failure   Level  Hunger
a - Pain                  Necr           ###.         3%          1    N/A

Dungeon Overview and Level Annotations

Branches:
Dungeon (3/15)

Altars:


Innate Abilities, Weirdness & Mutations

You do not eat or drink.
Your flesh is vulnerable to fire.
You are immune to poison.
Your flesh is cold resistant. (rC+)
You are immune to negative energy. (rN+++)
You are immune to unholy pain and torment.
You can survive without breathing.


Message History

Aim: an adder (chance to defeat MR: 79%)
The adder barely resists.
The leopard gecko hisses angrily.
The adder bites you.
A jackal comes into view.
Casting: Pain (safe; 3% risk of failure)
Confirm with . or Enter, or press ? or * to list all spells.
Aiming: Pain (safe; 3% risk of failure)
Press: ? - help, Shift-Dir - straight line, f/p - adder
Aim: an adder (chance to defeat MR: 79%)
The adder writhes in agony!
The jackal barks!
You hear a bark!
The adder bites you but does no damage.
Casting: Pain (safe; 3% risk of failure)
Confirm with . or Enter, or press ? or * to list all spells.
Aiming: Pain (safe; 3% risk of failure)
Press: ? - help, Shift-Dir - straight line, f/p - adder
Aim: an adder (lightly wounded, chance to defeat MR: 79%)
The adder writhes in agony!
The adder barely misses you. The adder bites you.
Casting: Pain (safe; 3% risk of failure)
Confirm with . or Enter, or press ? or * to list all spells.
Aiming: Pain (safe; 3% risk of failure)
Press: ? - help, Shift-Dir - straight line, f/p - adder
Aim: an adder (severely wounded, chance to defeat MR: 79%)
The adder writhes in agony!
You kill the adder!
Your Fighting skill increases to level 1!
You have reached level 3!
Your experience leads to an increase in your attributes!
Increase (S)trength, (I)ntelligence, or (D)exterity?
You feel clever. The jackal bites you.
Really read
e - a scroll labeled OCIFFE PASA {!r}?
As you read the scroll labeled OCIFFE PASA {!r}, it crumbles to dust.
It is a scroll of identify.
d - a scroll of teleportation {!r} The jackal closely misses you.
The leopard gecko closely misses you. The jackal closely misses you.
You closely miss the leopard gecko.
The leopard gecko completely misses you.
The jackal closely misses you. The leopard gecko bites you.
The jackal barks!
You hit the leopard gecko.
The leopard gecko is moderately wounded.
The jackal bites you.
The leopard gecko bites you but does no damage.
The jackal closely misses you.
You closely miss the leopard gecko.
The leopard gecko is moderately wounded.
The jackal closely misses you. The leopard gecko bites you.
You hit the leopard gecko but do no damage.
The leopard gecko is moderately wounded.
The jackal closely misses you. The leopard gecko bites you.
* * * LOW HITPOINT WARNING * * *
Really read
d - a scroll of teleportation {!r}?
As you read the scroll of teleportation {!r}, it crumbles to dust.
You feel strangely unstable. The jackal misses you.
The leopard gecko bites you.
* * * LOW HITPOINT WARNING * * *
The jackal bites you but does no damage.
The leopard gecko bites you.
* * * LOW HITPOINT WARNING * * *
The jackal closely misses you. The leopard gecko bites you.
You die...

.h. ..# ...
#.# #h. #.##
#S# #..##
#.# ##.#.##
#.###.###.##
#.##.##
##.##
######...##
##.#
#@hhh..##.#
##†##
#l####.#
#.###.###
#.# #.#
#.#..... #.#
#.# #......
#.# #.#
######. #.#
#.# #. #.#
#.# #. .>#
.# #. #.


You could see a leopard gecko and 3 jackals.

Vanquished Creatures
  An adder (D:3)
  An ooze (D:1)
  A dart slug (D:1)
  2 bats
  4 giant cockroaches
  3 goblins (D:3)
  3 hobgoblins
  A jackal (D:3)
  A ball python (D:2)
  A kobold (D:2)
  A rat (D:1)
19 creatures vanquished.

Notes
Turn   | Place    | Note
-------+----------+-------------------------------------------
     0 | D:1      | Amnesiac the Mummy Necromancer began the quest for the Orb.
     0 | D:1      | Reached XP level 1. HP: 13/13 MP: 4/4
   254 | D:1      | Reached XP level 2. HP: 17/20 MP: 2/5
   543 | D:3      | Reached skill level 1 in Fighting
   543 | D:3      | Reached XP level 3. HP: 20/26 MP: 0/7
   551 | D:3      | HP: 1/26 [leopard gecko (5)]
   551 | D:3      | Slain by a leopard gecko

Vault maps used:
D:1:      nzn_arrival_depleted_hourglass, minmay_tree_intersection
D:2:      minmay_surrounded
D:3:      nemelex_dance_club_becter

Skill      XL: |  1  2 |
---------------+-------+-----
Dodging        | 2 |  2.1
Spellcasting   | 3 |  3.1
Fighting       | 1 |  1.0
Stealth        | |  1.5
Necromancy     | |  4.3

Action                   || total
-------------------------++-------
Melee: Unarmed           ||     8
 Cast: Pain              ||    39
  Use: Scroll            ||     2
Armor: Robe              ||     7
Dodge: Dodged            ||    19

Table legend:
 A = Spawn XP
 B = Non-spawn XP
 C = Spawn XP percentage of total XP
 D = Spawn monster count
 E = Non-spawn monster count
 F = Spawn count percentage of total count
 G = Total turns spent on level
                    A         B        C        D         E        F      G
               +---------+---------+-------+---------+---------+-------+---------
         Total |       0 |      52 |   0.0 |       0 |      19 |   0.0 |   551
               +---------+---------+-------+---------+---------+-------+---------
           D:1 |       0 |      22 |   0.0 |       0 |       8 |   0.0 |   343
           D:2 |       0 |       7 |   0.0 |       0 |       5 |   0.0 |    83
           D:3 |       0 |      23 |   0.0 |       0 |       6 |   0.0 |   125
               +---------+---------+-------+---------+---------+-------+---------
